 Dungeon Crawl Stone Soup version 0.31-a0-128-g25add195a6 (webtiles) character file.

Game seed: 17438882113443639675

6345 Tenda the Grappler (level 10, -3/95 (96) HPs)
             Began as a Troll Monk on June 2, 2023.
             Was the Champion of Ignis.
             Slain by an orange demon (4 damage)
             ... led by Amaemon
             ... on level 8 of the Dungeon.
             The game lasted 00:19:27 (7492 turns).

Tenda the Grappler (Troll Monk)                     Turns: 7492, Time: 00:19:27

HP:   -3/95 (96)    AC:  4    Str: 23    XL:     10   Next: 64%
MP:   9/9           EV: 12    Int:  6    God:    Ignis [******]
Gold: 1454          SH:  0    Dex: 14    Spells: 9/9 levels left

rFire   + .          .
                       - Unarmed
rCold   . . .        c - orb {light}
rNeg    . . .        a - +0 robe
rPois   .            v - +0 hat
rElec   .            (no cloak)
rCorr   .            (gloves unavailable)
SInv    +            (boots unavailable)
Will    .....        (no amulet)
Stlth   +            r - +4 ring of slaying
HPRegen 1.15/turn    p - ring of see invisible
MPRegen 0.11/turn

%: no passive effects
@: lethally poisoned (-3 -> -25), weakened, glowing, lightly drained
A: large, unfitting armour, claws 3, regeneration 1, shaggy fur 1, tough skin 1
a: Renounce Religion, Fiery Armour, Foxfire Swarm, Rising Flame


You were on level 8 of the Dungeon.
You worshipped Ignis.
Ignis was exalted by your worship.
You visited 2 branches of the dungeon, and saw 9 of its levels.
You also visited: Bailey.

You collected 1534 gold pieces.
You spent 80 gold pieces at shops.

Inventory:

Missiles
 d - 11 boomerangs (quivered)
 C - 2 throwing nets
 G - 3 large rocks
Armour
 a - a +0 robe (worn)
 c - an orb of light (worn)
 v - a +0 hat (worn)
Jewellery
 f - a ring of willpower
 p - a ring of see invisible (right claw)
 r - a +4 ring of slaying (left claw)
Wands
 n - a wand of flame (22)
 F - a wand of polymorph (11)
Scrolls
 e - a scroll of noise {unknown}
 g - a scroll of silence {unknown}
 h - 2 scrolls of fear
 j - 4 scrolls of enchant armour
 k - 4 scrolls of teleportation
 q - 2 scrolls of magic mapping
 s - a scroll of enchant weapon {unknown}
 x - 3 scrolls of summoning
 y - 2 scrolls of amnesia {unknown}
 A - 2 scrolls of blinking {unknown}
 B - a scroll of vulnerability {unknown}
 D - 2 scrolls of poison {unknown}
 J - 3 scrolls of brand weapon {unknown}
Potions
 b - 3 potions of ambrosia
 i - a potion of magic {unknown}
 l - a potion of heal wounds
 m - 2 potions of lignification {unknown}
 o - 2 potions of attraction
 t - 8 potions of curing
 u - 5 potions of brilliance
 w - a potion of haste {unknown}
 z - a potion of might {unknown}
 E - a potion of mutation {unknown}
 I - a potion of invisibility {unknown}


   Skills:
 + Level 5.1 Fighting
 + Level 6.0 Dodging
 + Level 1.6 Stealth
 + Level 13.6 Unarmed Combat


You had 9 spell levels left.
You didn't know any spells.
Your spell library contained the following spells:

 Spells                   Type           Power      Damage    Failure   Level
 Freeze                   Ice            0%         1d3       45%         1
 Summon Small Mammal      Summ           0%         N/A       45%         1
 Call Canine Familiar     Summ           0%         N/A       83%         3
 Frozen Ramparts          Ice            0%         1d1       83%         3
 Hailstorm                Conj/Ice       0%         3d3       83%         3
 Summon Guardian Golem    Hex/Summ       0%         N/A       83%         3
 Simulacrum               Ice/Necr       0%         N/A       100%        6
 Ozocubu's Refrigeration  Ice            0%         4d7       100%        7
 Polar Vortex             Ice            0%         N/A       100%        9


Dungeon Overview and Level Annotations

Branches:
Dungeon (8/15)             Temple (1/1) D:6          Bailey (visited)
   Lair: D:8-11

Altars:
Ashenzari
Cheibriados
Dithmenos
Elyvilon
Fedhas
Gozag
Hepliaklqana
Kikubaaqudgha
Makhleb
Nemelex Xobeh
Ru
Sif Muna
Trog
Vehumet
Wu Jian
Xom
Yredelemnul
Zin
Ignis

Shops:
D:1 (   D:4 !   D:6 ?

Annotations:
D:8 Amaemon


Innate Abilities, Weirdness & Mutations

You are too large for most types of armour.
You have claws for hands.
Your natural rate of healing is unusually fast.
You are covered in fur. (AC +1)
You have tough skin. (AC +1)


Message History

The orange demon barely misses you. The orange demon hits you.
You feel your attacks grow feeble.
You scratch the orange demon.
The orange demon is lightly wounded.
The grasping roots constrict you! The orange demon stings you.
The orange demon hits you.
You claw the orange demon!
The orange demon is moderately wounded.
Amaemon casts a spell at the orange demon.
The orange demon seems to grow toxic.
The grasping roots constrict you. The orange demon closely misses you.
The orange demon hits you.
You escape the roots grasp.
The orange demon closely misses you. The orange demon barely misses you.
Amaemon barely misses you. Amaemon claws you! Amaemon tail-slaps you.
You are poisoned.
Amaemon poisons you! The orange demon barely misses you. x2
You see here a +0 falchion.
You scratch Amaemon.
Amaemon is lightly wounded.
You feel very sick.
You claw Amaemon!
Amaemon is lightly wounded.
You feel sick.
Amaemon hits you with a -1 demon whip of venom!
You are more poisoned.
Amaemon claws you! Amaemon closely misses you. The orange demon misses you.
The orange demon hits you.
You feel as though you will be weak longer.
You claw Amaemon!
Amaemon is moderately wounded.
You feel very sick.
Amaemon hits you with a -1 demon whip of venom!
* * * LOW HITPOINT WARNING * * *
You are lethally poisoned!
Amaemon claws you.
* * * LOW HITPOINT WARNING * * *
Amaemon tail-slaps you.
* * * LOW HITPOINT WARNING * * *
The orange demon stings you.
You die...

#####* #....* *****
#....* *,,,* #....######
***,*,* #.........#
*,,,*,*
#.....4...####+###.*
**##6@....#........*
#................*##
#.#..............*#.
*****#.#..............*#.
*,,,*#.##.###.........*#.
***,##....# #.........*#.
*,#.....# #.#######.*#.
*,#.....###.#######,*##
#,#................,*


You could see Amaemon and an orange demon (curare).

Vanquished Creatures
  An orc knight (Bailey)
  Psyche (D:8)
  2 kobold demonologists (Bailey)
  A hornet (D:8)
  A wraith (D:7)
  Grum (D:8)
  Menkaure (D:4)
  A water moccasin (D:8)
  Duvessa (D:7)
  13 orc warriors
  A black bear (D:5)
  An ice beast (D:5)
  2 centaurs
  4 wolves (D:8)
  2 phantoms
  2 bullfrogs (D:7)
  3 scorpions
  A gnoll sergeant (D:8)
  12 wights
  Dowan (D:7)
  5 electric eels (Bailey)
  A howler monkey (D:8)
  4 hounds
  3 orc priests
  A gnoll bouda (D:8)
  3 iguanas
  A sleepcap (D:6)
  Ijyb (D:2)
  Natasha (thrice) (D:4)
  6 orc wizards
  9 adders
  19 gnolls
  A shadow imp (D:6)
  2 white imps (D:7)
  An ufetubus (D:5)
  4 dart slugs
  3 worms
  44 orcs
  8 ball pythons
  4 bats
  9 endoplasms
  3 giant cockroaches
  21 goblins
  13 hobgoblins
  3 jackals (D:4)
  2 quokkas (D:1)
  4 frilled lizards
  7 kobolds
  6 rats
243 creatures vanquished.

Vanquished Creatures (others)
  A goblin (D:2)
1 creature vanquished.

Grand Total: 244 creatures vanquished

Notes
Turn   | Place    | Note
-------+----------+-------------------------------------------
     0 | D:1      | Tenda the Troll Monk began the quest for the Orb.
     0 | D:1      | Reached XP level 1. HP: 22/22 MP: 0/0
    39 | D:1      | Found Unko's Antique Weapon Shop.
   217 | D:1      | Reached XP level 2. HP: 29/29 MP: 1/1
   648 | D:2      | Reached XP level 3. HP: 35/36 MP: 2/2
   681 | D:2      | Identified the +0 scale mail "Fihirgh" {Fly rCorr Dex+5}
   739 | D:2      | Found a faded altar of an unknown god.
   803 | D:2      | Noticed Ijyb
   821 | D:2      | Killed Ijyb
   822 | D:2      | Reached skill level 4 in Unarmed Combat
   822 | D:2      | Reached XP level 4. HP: 21/44 MP: 3/3
  1276 | D:3      | Found a white marble altar of Elyvilon.
  1315 | D:3      | Found a broken altar of Ashenzari.
  1436 | D:2      | Prayed at the altar of an unknown god.
  1436 | D:2      | Became a worshipper of Ignis, the Dying Flame
  1436 | D:2      | Reached ****** piety under Ignis
  1580 | D:3      | Reached XP level 5. HP: 50/53 MP: 4/4
  2274 | D:4      | Noticed a phantom
  2281 | D:4      | Killed a phantom
  2282 | D:4      | Reached skill level 5 in Unarmed Combat
  2282 | D:4      | Reached XP level 6. HP: 56/61 MP: 5/5
  2341 | D:4      | Noticed Menkaure
  2351 | D:4      | Killed Menkaure
  2352 | D:4      | Reached skill level 6 in Unarmed Combat
  2368 | D:4      | Found Qupt's Distillery.
  2378 | D:4      | Bought a potion of curing for 30 gold pieces
  2378 | D:4      | Bought a potion of heal wounds for 50 gold pieces
  2480 | D:4      | Found a burning altar of Makhleb.
  2489 | D:4      | Noticed a green death
  2493 | D:4      | Noticed a hellwing
  2493 | D:4      | Noticed a neqoxec
  2599 | D:4      | Noticed Natasha
  2603 | D:4      | Killed Natasha
  2636 | D:4      | Reached XP level 7. HP: 55/67 MP: 6/6
  2706 | D:4      | Noticed Natasha
  2713 | D:4      | Killed Natasha
  2750 | D:4      | Noticed Natasha
  2756 | D:4      | Killed Natasha
  2839 | D:5      | Entered Level 5 of the Dungeon
  2965 | D:5      | Reached skill level 7 in Unarmed Combat
  2967 | D:5      | Identified the +0 ring mail of Wyry Kecs {Contam rElec
                  | Dex+5 Slay+2}
  3258 | D:5      | Found an ornate altar of the Wu Jian Council.
  3657 | D:6      | Reached skill level 1 in Stealth
  3657 | D:6      | Reached skill level 8 in Unarmed Combat
  3657 | D:6      | Reached XP level 8. HP: 13/75 MP: 7/7
  3830 | D:6      | Found a blossoming altar of Fedhas.
  3845 | D:6      | Found a snail-covered altar of Cheibriados.
  3964 | D:6      | Found a staircase to the Ecumenical Temple.
  3988 | D:6      | Found Iwkun's Magic Scroll Shop.
  4068 | D:6      | Found a basalt altar of Yredelemnul.
  4068 | D:6      | Found a faded altar of an unknown god.
  4076 | D:6      | Found an ancient bone altar of Kikubaaqudgha.
  4085 | D:6      | Found a glowing silver altar of Zin.
  4087 | D:6      | Found a faded altar of an unknown god.
  4188 | D:6      | Reached skill level 9 in Unarmed Combat
  4327 | Temple   | Entered the Ecumenical Temple
  4753 | D:7      | Found a runed translucent door.
  4863 | D:7      | Reached skill level 10 in Unarmed Combat
  4865 | D:7      | Reached XP level 9. HP: 76/84 MP: 8/8
  5187 | D:7      | Reached skill level 5 in Dodging
  5408 | D:7      | Noticed Dowan
  5409 | D:7      | Noticed Duvessa
  5414 | D:7      | Killed Duvessa
  5416 | D:7      | Killed Dowan
  5417 | D:7      | Reached skill level 11 in Unarmed Combat
  5646 | D:8      | Found a shadowy altar of Dithmenos.
  5649 | D:8      | Noticed Psyche
  5657 | D:8      | Killed Psyche
  5677 | D:8      | Noticed Grum
  5691 | D:8      | Killed Grum
  5700 | D:8      | Reached skill level 12 in Unarmed Combat
  5719 | D:8      | Found a sparkling altar of Nemelex Xobeh.
  5736 | D:8      | Found an opulent altar of Gozag.
  5781 | D:8      | Found a flagged portal.
  5831 | Bailey   | Entered a bailey
  5859 | Bailey   | Noticed an orc knight
  5866 | Bailey   | Killed an orc knight
  5867 | Bailey   | Reached XP level 10. HP: 58/94 MP: 9/9
  6234 | Bailey   | Reached skill level 13 in Unarmed Combat
  6320 | Bailey   | Found an iron altar of Okawaru.
  6727 | D:8      | Acquired 848 gold pieces
  6801 | D:8      | Reached skill level 5 in Fighting
  7482 | D:8      | Noticed an orange demon
  7484 | D:8      | Noticed Amaemon
  7492 | D:8      | HP: 1/95 [Amaemon/-1 demon whip of venom (5)]
  7492 | D:8      | Slain by an orange demon

Illustrated notes

Levels and vault maps discovered:
D:1:      ncdulo_smallfort, layout_loops_cross, serial_shops, shop,
          minmay_misc_feat_columns
D:2:      kennysheep_the_goblin_king, layout_rooms,
          ebering_ecumenical_altar_box, st_stairs_7, minmay_tree_intersection,
          kennysheep_doodads, kennysheep_generic_room_7
D:3:      layout_loops_corners, elyvilon_altar_1, cheibrodos_ashenzari_chains
D:4:      layout_basic, makhleb_altar_promises_db, serial_shops,
          nicolae_shop_industrial_runoff, serial_park_tiny_2, uniq_menkaure,
          uniq_natasha
D:5:      layout_basic, mainiacjoe_overflow_brackets
D:6:      layout_basic, jmf_multi_god_temple,
          chequers_temple_overflow_minitemple, temple_pool_b, serial_shops, shop
D:7:      layout_cave_pools, serial_co_window_serial, co_window_paths_a,
          co_window_corner_a, co_window_paths_a, co_window_paths_b,
          co_window_corner_a, co_window_paths_b, co_window_corner_a,
          co_window_unsneaky_path_c, co_window_2corner, co_window_corner_b,
          co_window_2corner, co_window_corner_ca, glass_columns_c,
          glass_columns_c, glass_columns_a, glass_columns_a, glass_columns_b,
          lightli_church_of_beogh, uniq_duvessa
D:8:      layout_basic, nicolae_gozag_cash_rules_everything_around_me,
          mainiacjoe_overflow_24_doors, nicolae_dithmenos_shadow_blocks,
          enter_bailey_6, uniq_amaemon, uniq_psyche, uniq_grum
Temple:   nicolae_temple_bog_church

Skill      XL: |  1  2  3  4  5  6  7  8  9 10 |
---------------+-------------------------------+-----
Unarmed Combat | 4 5 6 8 10 12 13 | 13.6
Fighting       | 3 4 5 |  5.1
Dodging        | 3 4 5 6 |  6.0
Stealth        | 1 |  1.6

Action                     |  1- 3 |  4- 6 |  7- 9 | 10-12 || total
---------------------------+-------+-------+-------+-------++-------
  Melee: Unarmed           |    65 |   123 |   206 |   135 ||   529
  Throw: Boomerang         |     1 |       |       |     1 ||     2
    Use: Scroll            |       |       |     7 |     1 ||     8
         Potion            |       |       |     2 |       ||     2
 Armour: Robe              |    28 |    22 |    22 |    12 ||    84
         Skin              |       |       |     1 |       ||     1
  Dodge: Dodged            |    28 |    46 |   101 |    73 ||   248

Table legend: (Time is in decaauts)
 A = Elapsed time spent in this place.
 B = Non-inter-level travel time spent in this place.
 C = Inter-level travel time spent in this place.
 D = Time resting spent in this place.
 E = Time spent auto-exploring this place.
 F = Levels seen in this place.
 G = Mean time per level.
                   A        B        C        D        E       F      G
               +--------+--------+--------+--------+--------+-----+--------+
         Total |   7412 |   6916 |    496 |    202 |   5401 |  10 |  741.2 |
       Dungeon |   6419 |   5937 |    482 |    102 |   4744 |   8 |  802.4 |
        Temple |    188 |    174 |     14 |      0 |    171 |   1 |  188.0 |
        Bailey |    804 |    804 |      0 |    100 |    486 |   1 |  804.0 |
               +--------+--------+--------+--------+--------+-----+--------+

Top non-repeatable levels by time:
     D:7: 1076 daAuts
     D:8: 1018 daAuts
     D:3: 976 daAuts
  Bailey: 804 daAuts
     D:5: 796 daAuts
     D:6: 708 daAuts
     D:2: 653 daAuts
     D:1: 629 daAuts
     D:4: 560 daAuts
  Temple: 188 daAuts
